Workbook

Sheet Data Sheet
A1: TOWN OF WINDSOR
A2: DEVELOPMENT IMPACT FEE CALCULATION DATA SHEET
A4: PROJECT DATA
A5: Project or Subdivision Name
A6: Site Address
A7: APN(s)
A8: Building Permit No.
A9: Planning File No.
A10: Subdivision (Y/N)
A11: Subdivision Lot No.
A12: Residential Units (#) and (SF) | C12: Notes/Instructions
A13: Single Family Dwelling (Total # Units) | B13: =SUM(B14:B15) -> 0 | C13: Includes Single Family Dwelling units and Small Single Family Residential units for total number of units
A14: Standard Single Family Residential (# Units)
A15: Small Single Family Residential (# Units) | B15: 0 | C15: Maximum 1,200-square foot unit on 4,000-square lot or smaller
A16: Total Single Family Living Space (SF) | C16: Excluding garages, carports, walkways, overhangs, enclosed patios, detached storage structures, and similar
A17: Multi-Family (# Units) | C17: Includes duplex, triplex, fourplex, townhome, apartment, condominium, and live/work units. Water connection fees included in per unit fee.
A18: Total Multi-Family Living Space (SF) | B18: 0 | C18: Excluding garages, carports, walkways, overhangs, enclosed patios, detached storage structures, and similar
A19: Accessory Dwelling Units (ADUs) (# Units) | B19: 0 | C19: ADUs shall not have separate sewer connections or water service
A20: Large ADUs (SF) | B20: 0 | C20: Large ADUs are those that are 750 square feet or greater
A21: Manufactured/Mobile Homes (# Units) | B21: 0
A22: Total Manufactured/Mobile Homes Living Space (SF) | B22: 0 | C22: Excluding garages, carports, walkways, overhangs, enclosed patios, detached storage structures, and similar
A23: Commercial and Industrial (SF) | C23: Notes/Instructions
A24: Commercial (Total SF) | C24: Commercial and Industrial projects only, not applicable to Multi-Family.
A25: Commercial - Drive-Through (SF)
A26: Commercial - Self Storage (SF)
A27: Office (SF)
A28: Light Industrial (SF)
A29: Heavy Industrial (SF)
A30: Institutional (SF)
A31: Water Capacity - Water Meters (#) | C31: Notes/Instructions
A32: 5/8" Meter | C32: 5/8"meters allowed for meter replacement only with Public Works approval
A33: 3/4" Meter | C33: 3/4"meters allowed for meter replacement only with Public Works approval
A34: 1" Meter | C34: The minimum meter size for a new single family residential unit is 1". Check with Building Division regarding new sprinkler requirements. Domestic service refers to potable water.
A35: 1½“ Meter
A36: Non-Residential Water Connections (#) | C36: Notes/Instructions
A37: 1" Non-Residential Water Meter
A38: 1½" Non-Residential Water Meter
A39: 2" Non-Residential Water Meter
A40: 3" Non-Residential Water Meter
A41: 4" Non-Residential Water Meter
A42: 6" Non-Residential Water Meter
A43: 8" Non-Residential Water Meter
A44: Dedicated Irrigation Meters (#) | C44: Notes/Instructions
A45: 1" Meter
A46: 1½“ Meter
A47: 2" Meter | C47: Applicant shall provide and install all meters 2" and larger.Town will supply and install ERT at cost plus installation
A48: Recycled Water Meters (#) | C48: Notes/Instructions
A49: 1" Meter | C49: Residential fees include the meter(s) and meter installation only. Non-residential fees include the meter(s), meter installation, and 80% of the water capacity fee based on meter size.
A50: 1½“ Meter
A51: Recycled Water Capacity Fee - New Users Only (#) | C51: Notes/Instructions
A52: 1" Non-Residential Water Meter
A53: 1½" Non-Residential Water Meter
A54: 2" Non-Residential Water Meter
A55: 3" Non-Residential Water Meter
A56: Water Reclamation (Sewer) - Non-Residential Meters (#) | C56: Notes/Instructions
A57: 1" Non-Residential Water Meter
A58: Low strength
A59: Medium strength
A60: High strength
A61: 1½" Non-Residential Water Meter
A62: Low strength
A63: Medium strength
A64: High strength
A65: 2" Non-Residential Water Meter
A66: Low strength
A67: Medium strength
A68: High strength
... A84: High strength
A85: Wastewater Capacity Information for Non-Standard Development Projects* | C85: Notes/Instructions
A86: *Non-standard developments may include, but are not limited to, food processing, beverage manufacturing, wine production, and breweries.
A87: Wastewater Flow (gallons/day)
A88: Biochemical Oxygen Demand (BOD) (mg/l) | C88: Discharge measurement
A89: Total Suspended Solids (TSS) (mg/l) | C89: Discharge measurement
A90: Miscellanous | C90: Notes/Instructions
A91: Mixed Use Project (Y/N)
A92: Transit Core (Y/N) | C92: Within 1/2-mile of SMART station
A93: Backflow Device Required (Y/N) | C93: A backflow device is required when an existing well will be used for irrigation purposes in a residential project or if the project is non-residential.
A94: Fire Service Line Size

Sheet Summary Sheet
A1: TOWN OF WINDSOR DEVELOPMENT IMPACT FEE
A2: SUMMARY ESTIMATE
A3: Project or Subdivision Name | B3: ='Data Sheet'!B5 -> 0
A4: Site Address | B4: ='Data Sheet'!B6 -> 0
A5: APN(s) | B5: ='Data Sheet'!B7 -> 0
A6: Planning File No. | B6: ='Data Sheet'!B9 -> 0
A7: Parks and Recreation | D7: ='Parks & Rec'!E33 -> 0
A8: Police | D8: =Police!E16 -> 0
A9: Public Works | D9: ='Public Works'!F118 -> 0
A10: Drainage Development | C10: ='Public Works'!F21 -> 0
A11: Traffic Impact | C11: ='Public Works'!F38 -> 0
A12: Water Capacity | C12: ='Public Works'!F67 -> 0
A13: 1. Meter Installation | B13: ='Public Works'!F47 -> 0
A14: 2. Domestic Connection | B14: ='Public Works'!F61 -> 0
A15: 3. Irrigation Connection | B15: ='Public Works'!F66 -> 0
A16: Recycled Water | C16: ='Public Works'!F79 -> 0
A17: Water Reclamation/Calculated Wastewater Capacity Fee | C17: ='Public Works'!F110+'Public Works'!F116 -> 0
A18: Town of Windsor - Housing In-Lieu Fees (confirm with Planning Division) | D18: =Housing!E13 -> 0
A19: Town of Windsor - Tree Mitigation In-Lieu Fees (confirm with Planning Division) | D19: =tree!E80 -> 0
A20: Town of Windsor - Other Fees (confirm with Planning Division) | D20: 0
A21: Town of Windsor - Other (Initial Building/Grading Permit for Horizontal Site Work) (1) | D21: 0
A22: Town of Windsor - (Building Permit Fees) (1) | D22: 0
A23: Town of Windsor Subtotal | D23: =SUM(D7:D22) -> 0
A24: Windsor Unified School District (2) | D24: =WUSD!E13 -> 0
A25: Sonoma County Fire District (2) | D25: =Fire!E21 -> 0
A26: TOTAL | D26: =SUM(D23:D25) -> 0
A27: (1) Based on valuation and Fiscal Year 26-27 permit fee schedule
A28: (2) Fees for the following outside agencies are provided as a courtesy only and should be verified:
A29: Windsor Unified School District: Gillian Hornbostel ghornbostel@wusd.org or (707) 837-7708
A30: Sonoma County Fire District: Cyndi Foreman cforeman@sonomacountyfd.org or (707) 892-2003

Sheet Public Works
A1: PUBLIC WORKS
A2: DEVELOPMENT IMPACT FEE CALCULATIONS
A3: Project or Subdivision Name: | B3: ='Data Sheet'!B5 -> 0
A4: Site Address: | B4: ='Data Sheet'!B6 -> 0
A5: Assessor's Parcel Number(s): | B5: ='Data Sheet'!B7 -> 0
A6: File No.: | B6: ='Data Sheet'!B9 -> 0
A7: Subdivision Lot No. | B7: ='Data Sheet'!B11 -> 0
A8: Mixed Use (Y/N) | B8: ='Data Sheet'!B91 -> 0
A9: Backflow Device Required (Y/N) | B9: ='Data Sheet'!B93 -> 0
A10: Fire Service Line Size | B10: ='Data Sheet'!B94 -> 0
A11: Total ESD | B11: =(SUM(F82:F85)+SUM(F87:F93)+SUM(F95:F101)+SUM(F103:F109)+F116)/C87 -> 0
A12: Total due with this Building Permit | B12: =F118 -> 0
A13: Verified By: | D13: Date:
A15: Drainage Development | H15: Old GL | I15: New GL | J15: Charge Code
A16: Description | B16: Quantity | C16: Unit Cost | D16: Unit | E16: Due With This Permit
A17: Single Family | B17: ='Data Sheet'!B13 -> 0 | C17: ='FY26-27 FEE Worksheet'!K124 -> 4022 | D17: dwelling unit | E17: =ROUND(+B17*C17,2) -> 0 | H17: 230-63-00-0000-3655-600 | I17: 47-00-00-0000-8880- | J17: DRIMRS
A18: Multi-Family | B18: ='Data Sheet'!B17 -> 0 | C18: ='FY26-27 FEE Worksheet'!K125 -> 2373 | D18: dwelling unit | E18: =ROUND(+B18*C18,2) -> 0
A19: Commercial | B19: =SUM('Data Sheet'!B24+'Data Sheet'!B25,'Data Sheet'!B27) -> 0 | C19: ='FY26-27 FEE Worksheet'!K127 -> 1408 | D19: per 1,000 SF | E19: =ROUND(+B19*C19,2)/1000 -> 0 | H19: 230-63-00-0000-3655-601 | I19: 47-00-00-0000-8880- | J19: DRIMNR
A20: Industrial | B20: ='Data Sheet'!B28+'Data Sheet'!B29 -> 0 | C20: ='FY26-27 FEE Worksheet'!K128 -> 1769 | D20: per 1,000 SF | E20: =ROUND(+B20*C20,2)/1000 -> 0
D21: Total Drainage Fees | F21: =SUM(E17:F20) -> 0
A22: Traffic Impact Development
A23: Description | B23: Quantity | C23: Unit Cost | D23: Unit | E23: Due With This Permit
A24: Single Family Detached | B24: ='Data Sheet'!B13 -> 0 | C24: ='FY26-27 FEE Worksheet'!K103 -> 13796 | D24: dwelling unit | E24: =B24*C24 -> 0 | H24: 210-63-00-0000-3655-600 | I24: 42-00-00-0000-8880- | J24: TRFMRS
A25: Multi-Family | B25: ='Data Sheet'!B17 -> 0 | C25: ='FY26-27 FEE Worksheet'!K104 -> 7804 | D25: dwelling unit | E25: =B25*C25 -> 0
A26: Accessory Dwelling Unit | B26: ='Data Sheet'!B19 -> 0 | C26: ='FY26-27 FEE Worksheet'!K105 -> 0 | D26: dwelling unit | E26: =B26*C26 -> 0
A27: Residential Subtotal | E27: =SUM(E24:E26) -> 0
A28: Commercial | B28: ='Data Sheet'!B24 -> 0 | C28: ='FY26-27 FEE Worksheet'!K106 -> 11707 | D28: per 1,000 SF | E28: =B28*C28/1000 -> 0 | H28: 210-63-00-0000-3655-601 | I28: 42-00-00-0000-8880- | J28: TRFMNR
A29: Commercial with Drive-Through | B29: ='Data Sheet'!B25 -> 0 | C29: ='FY26-27 FEE Worksheet'!K107 -> 14076 | D29: per 1,000 SF | E29: =B29*C29/1000 -> 0
A30: Office | B30: ='Data Sheet'!B27 -> 0 | C30: ='FY26-27 FEE Worksheet'!K108 -> 8921 | D30: per 1,000 SF | E30: =B30*C30/1000 -> 0
A31: Light industrial | B31: ='Data Sheet'!B28 -> 0 | C31: ='FY26-27 FEE Worksheet'!K109 -> 5853 | D31: per 1,000 SF | E31: =B31*C31/1000 -> 0
A32: Heavy Industrial | B32: ='Data Sheet'!B29 -> 0 | C32: ='FY26-27 FEE Worksheet'!K110 -> 1672 | D32: per 1,000 SF | E32: =B32*C32/1000 -> 0
A33: Institutional | B33: ='Data Sheet'!B30 -> 0 | C33: ='FY26-27 FEE Worksheet'!K111 -> 9059 | D33: per 1,000 SF | E33: =B33*C33/1000 -> 0
A34: Commercial Subtotal | E34: =SUM(E28:E33) -> 0
A35: Mixed Use Credit: Residential OR Non-Residential | B35: -0.15 | E35: =IF(B8="y",(MIN(E27,E34)*B35),0) -> 0 | H35: 210-63-00-0000-3655-600 | I35: 42-00-00-0000-8880- | J35: TRFMRS
A36: Transit Core Credit Residential | B36: -0.09 | E36: =IF('Data Sheet'!B92="Y",E27*B36,0) -> 0
A37: Transit Core Credit Non-Residential | B37: -0.03 | E37: =IF('Data Sheet'!B92="Y",E34*B37,0) -> 0 | H37: 210-63-00-0000-3655-601 | I37: 42-00-00-0000-8880- | J37: TRFMNR
A38: Total Traffic Fees | F38: =E27+E34+E35+E36+E37 -> 0
A39: Water Capacity
A40: Description | B40: Quantity | D40: Unit Cost | E40: Unit | F40: Due With This Permit
A41: Meter and Installation | B41: Domestic | C41: Irrigation | P41: Per HB
A42: Installation Fee for Total Meters Installed | B42: =B43+B44+B45+B46 -> 0 | C42: =C45+C46 -> 0 | D42: 191 | E42: per meter | F42: =ROUND((B42+C42)*D42,0) -> 0 | H42: 440-00-00-0000-3687-000 New GL: 70-00-00-0000-8850- Chrg Code: WTMTIN | I42: Master Fee Schedule | K42: Meter Valve & Control | P42: as of 7/1/26
A43: 5/8" meter | B43: ='Data Sheet'!B32 -> 0 | C43: - | D43: =ROUND(P44,0) -> 528 | E43: actual meter cost | F43: =ROUND((B43)*D43,0) -> 0 | I43: Actual Cost from Distributor | K43: Size | L43: Meter | M43: Endpoint | N43: Total | O43: Tax 9% | P43: Total Cost
A44: 3/4" meter | B44: ='Data Sheet'!B33 -> 0 | C44: - | D44: =ROUND(P45,0) -> 583 | E44: actual meter cost | F44: =ROUND((B44)*D44,0) -> 0 | K44: 5/8 | L44: 237.59 | M44: 246.62 | N44: =SUM(L44:M44) -> 484.21 | O44: =N44*0.09 -> 43.5789 | P44: =SUM(N44:O44) -> 527.7889
A45: 1" meter | B45: ='Data Sheet'!B34 -> 0 | C45: ='Data Sheet'!B45 -> 0 | D45: =ROUND(P46,0) -> 787 | E45: actual meter cost | F45: =ROUND((B45+C45)*D45,0) -> 0 | K45: 3/4 | L45: 287.98 | M45: 246.62 | N45: =SUM(L45:M45) -> 534.6 | O45: =N45*0.09 -> 48.114 | P45: =SUM(N45:O45) -> 582.714
A46: 1½" meter | B46: ='Data Sheet'!B35 -> 0 | C46: ='Data Sheet'!B46 -> 0 | D46: =ROUND(P47,0) -> 1077 | E46: actual meter cost | F46: =ROUND((B46+C46)*D46,0) -> 0 | K46: 1 | L46: 475.69 | M46: 246.62 | N46: =SUM(L46:M46) -> 722.31 | O46: =N46*0.09 -> 65.0079 | P46: =SUM(N46:O46) -> 787.3179
A47: Applicant shall provide and install all meters 2" and larger.Town will supply and install ERT at cost plus installation. | E47: Installation Subtotal | F47: =SUM(F42:F46) -> 0 | K47: 1.5 | L47: 741.56 | M47: 246.62 | N47: =SUM(L47:M47) -> 988.18 | O47: =N47*0.09 -> 88.9362 | P47: =SUM(N47:O47) -> 1077.1162
A48: Domestic Connection (per meter size) | B48: Domestic
A49: Small Single Family Residential 1" | B49: ='Data Sheet'!B15 -> 0 | D49: ='FY26-27 FEE Worksheet'!K27 -> 3434 | E49: per residence | F49: =ROUND(B49*D49,0) -> 0 | H49: 460-00-00-0000-3660-600 | I49: 71-00-00-0000-8850- | J49: WCONRS
A50: Standard Single Family Residential 1" Meter | B50: ='Data Sheet'!B14 -> 0 | D50: ='FY26-27 FEE Worksheet'!K28 -> 5024 | E50: per residence | F50: =ROUND(B50*D50,0) -> 0
A51: Accessory Dwelling Unit (ADU) | B51: ='Data Sheet'!B19 -> 0 | D51: ='FY26-27 FEE Worksheet'!K29 -> 0 | E51: per residence | F51: =ROUND(B51*D51,0) -> 0
A52: Multi-Family Residential | B52: ='Data Sheet'!B17 -> 0 | D52: ='FY26-27 FEE Worksheet'!K31 -> 2562 | E52: per residence | F52: =ROUND(B52*D52,0) -> 0
A54: Non-Residential 1" Meter | B54: ='Data Sheet'!B37 -> 0 | D54: ='FY26-27 FEE Worksheet'!K33 -> 8374 | E54: per meter | F54: =ROUND(B54*D54,0) -> 0 | H54: 460-00-00-0000-3660-xxx New GL: 71-00-00-0000-8850- | I54: Need to determine if by charge code:
A55: Non-Residential 1½" Meter | B55: ='Data Sheet'!B38 -> 0 | D55: ='FY26-27 FEE Worksheet'!K34 -> 16747 | E55: per meter | F55: =ROUND(B55*D55,0) -> 0
A56: Non-Residential 2" Meter | B56: ='Data Sheet'!B39 -> 0 | D56: ='FY26-27 FEE Worksheet'!K35 -> 26796 | E56: per meter | F56: =ROUND(B56*D56,0) -> 0 | I56: WCONNR = Commercial | J56: WCONNR
A57: Non-Residential 3" Meter | B57: ='Data Sheet'!B40 -> 0 | D57: ='FY26-27 FEE Worksheet'!K36 -> 50243 | E57: per meter | F57: =ROUND(B57*D57,0) -> 0 | I57: WCONAP = Airport Area | J57: WCONAP
A58: Non-Residential 4" Meter | B58: ='Data Sheet'!B41 -> 0 | D58: ='FY26-27 FEE Worksheet'!K37 -> 83740 | E58: per meter | F58: =ROUND(B58*D58,0) -> 0 | I58: WCONSH = Shiloh/Maya Area | J58: WCONSH
A59: Non-Residential 6" Meter | B59: ='Data Sheet'!B42 -> 0 | D59: ='FY26-27 FEE Worksheet'!K38 -> 167481 | E59: per meter | F59: =ROUND(B59*D59,0) -> 0
A60: Non-Residential 8" Meter | B60: ='Data Sheet'!B43 -> 0 | D60: ='FY26-27 FEE Worksheet'!K39 -> 267968 | E60: per meter | F60: =ROUND(B60*D60,0) -> 0
E61: Connection Subtotal | F61: =SUM(F49:F60) -> 0
A62: Dedicated Irrigation (per meter size) | B62: Irrigation
A63: 1" Meter | B63: ='Data Sheet'!B45 -> 0 | D63: ='FY26-27 FEE Worksheet'!K41 -> 8374 | E63: per meter | F63: =ROUND(B63*D63,0) -> 0 | H63: 440-00-00-0000-3387-000 | I63: 71-00-00-0000-8850- | J63: IRRCON
A64: 1½" Meter | B64: ='Data Sheet'!B46 -> 0 | D64: ='FY26-27 FEE Worksheet'!K42 -> 16747 | E64: per meter | F64: =ROUND(B64*D64,0) -> 0
A65: 2" Meter | B65: ='Data Sheet'!B47 -> 0 | D65: ='FY26-27 FEE Worksheet'!K43 -> 26796 | E65: per meter | F65: =ROUND(B65*D65,0) -> 0
E66: Irrigation Subtotal | F66: =SUM(F63:F65) -> 0
C67: Total Water Capacity Fees | F67: =SUM(F66,F61,F47) -> 0
A68: Recycled Water
A69: Description | B69: Quantity | C69: Unit Cost | D69: Unit | F69: Due With This Permit | P69: Per HB
A70: Installation Fee for Total Meters Installed | B70: =B72+B71 -> 0 | C70: 191 | D70: per meter | F70: =ROUND(B70*C70,0) -> 0 | H70: 440-00-00-0000-3387-000 New GL: 70-00-00-0000-8850- Chr Code: RCYMTR | I70: Master Fee Schedule | K70: Meter Valve & Control | P70: as of 7/1/26
A71: 1" Meter | B71: ='Data Sheet'!B49 -> 0 | C71: =P74 -> 787.3179 | D71: actual meter cost | F71: =ROUND(B71*C71,0) -> 0 | I71: Actual Cost from Distributor | K71: Size | L71: Meter | M71: Endpoint | N71: Total | O71: Tax 9% | P71: Total Cost
A72: 1½" Meter | B72: ='Data Sheet'!B50 -> 0 | C72: =P75 -> 1077.1162 | D72: actual meter cost | F72: =ROUND(B72*C72,0) -> 0 | K72: 5/8 | L72: 237.59 | M72: 246.62 | N72: =SUM(L72:M72) -> 484.21 | O72: =N72*0.09 -> 43.5789 | P72: =SUM(N72:O72) -> 527.7889
A73: Applicant shall provide and install all meters 2" and larger. | K73: 3/4 | L73: 287.98 | M73: 246.62 | N73: =SUM(L73:M73) -> 534.6 | O73: =N73*0.09 -> 48.114 | P73: =SUM(N73:O73) -> 582.714
A74: Recycled Water Capacity Fee (New Users Only) | C74: 80% Non-Residential Meter Fees | K74: 1 | L74: 475.69 | M74: 246.62 | N74: =SUM(L74:M74) -> 722.31 | O74: =N74*0.09 -> 65.0079 | P74: =SUM(N74:O74) -> 787.3179
A75: Non-Residential Recycled Water 1" Meter | B75: ='Data Sheet'!B52 -> 0 | C75: =D54*0.8 -> 6699.2 | D75: per meter | E75: =ROUND(B75*C75,0) -> 0 | H75: 440-00-00-0000-3387-000 | I75: 71-00-00-0000-8850- | J75: RCYCON | K75: 1.5 | L75: 741.56 | M75: 246.62 | N75: =SUM(L75:M75) -> 988.18 | O75: =N75*0.09 -> 88.9362 | P75: =SUM(N75:O75) -> 1077.1162
A76: Non-Residential Recycled Water 1½" Meter | B76: ='Data Sheet'!B53 -> 0 | C76: =D55*0.8 -> 13397.6 | D76: per meter | E76: =ROUND(B76*C76,0) -> 0
A77: Non-Residential Recycled Water 2" Meter | B77: ='Data Sheet'!B54 -> 0 | C77: =D56*0.8 -> 21436.8 | D77: per meter | E77: =ROUND(B77*C77,0) -> 0
A78: Non-Residential Recycled Water 3" Meter | B78: ='Data Sheet'!B55 -> 0 | C78: =D57*0.8 -> 40194.4 | D78: per meter | E78: =ROUND(B78*C78,0) -> 0
A79: Total Recycle Water Fees | F79: =SUM(F70:F72,E75:E78) -> 0
A80: Water Reclamation (Sewer)
A81: Description | B81: Quantity | C81: Meter & Installation | D81: Unit | F81: Due With This Permit
A82: Small Single Family Residential Units | B82: ='Data Sheet'!B15 -> 0 | C82: ='FY26-27 FEE Worksheet'!K58 -> 10358 | D82: per residence | F82: =ROUND(B82*C82,0) -> 0 | H82: 430-00-00-0000-3660-600 | I82: 61-00-00-0000-8850- | J82: WRCNRS
A83: Standard Single Family Residential | B83: ='Data Sheet'!B14 -> 0 | C83: ='FY26-27 FEE Worksheet'!K59 -> 12184 | D83: per residence | F83: =ROUND(B83*C83,0) -> 0
A84: Accessory Dwelling Unit (ADU) | B84: ='Data Sheet'!B19 -> 0 | C84: ='FY26-27 FEE Worksheet'!K60 -> 0 | D84: per dwelling unit | F84: =ROUND(B84*C84,0) -> 0
A85: Multi-Family Residential Units | B85: ='Data Sheet'!B17 -> 0 | C85: ='FY26-27 FEE Worksheet'!K62 -> 9506 | D85: per dwelling unit | F85: =ROUND(B85*C85,0) -> 0
A86: Non Residential (1" Meter = 1 ESD)
A87: Low Strength - 1" Meter | B87: ='Data Sheet'!B58 -> 0 | C87: ='FY26-27 FEE Worksheet'!K67 -> 12184 | D87: per meter | F87: =ROUND(B87*C87,0) -> 0 | H87: 430-00-00-0000-3660-601 | I87: 61-00-00-0000-8850- | J87: WRCNNR
A88: Low Strength - 1½" Meter | B88: ='Data Sheet'!B62 -> 0 | C88: ='FY26-27 FEE Worksheet'!K68 -> 24370 | D88: per meter | F88: =ROUND(B88*C88,0) -> 0
A89: Low Strength - 2" Meter | B89: ='Data Sheet'!B66 -> 0 | C89: ='FY26-27 FEE Worksheet'!K69 -> 38991 | D89: per meter | F89: =ROUND(B89*C89,0) -> 0
A90: Low Strength - 3" Meter | B90: ='Data Sheet'!B70 -> 0 | C90: ='FY26-27 FEE Worksheet'!K70 -> 73111 | D90: per meter | F90: =ROUND(B90*C90,0) -> 0
A91: Low Strength - 4" Meter | B91: ='Data Sheet'!B74 -> 0 | C91: ='FY26-27 FEE Worksheet'!K71 -> 121853 | D91: per meter | F91: =ROUND(B91*C91,0) -> 0
A92: Low Strength - 6" Meter | B92: ='Data Sheet'!B78 -> 0 | C92: ='FY26-27 FEE Worksheet'!K72 -> 243705 | D92: per meter | F92: =ROUND(B92*C92,0) -> 0
A93: Low Strength - 8" Meter | B93: ='Data Sheet'!B82 -> 0 | C93: ='FY26-27 FEE Worksheet'!K73 -> 389930 | D93: per meter | F93: =ROUND(B93*C93,0) -> 0
A95: Medium Strength - 1" Meter | B95: ='Data Sheet'!B59 -> 0 | C95: ='FY26-27 FEE Worksheet'!L67 -> 14096 | D95: per meter | F95: =ROUND(B95*C95,0) -> 0
A96: Medium Strength - 1½" Meter | B96: ='Data Sheet'!B63 -> 0 | C96: ='FY26-27 FEE Worksheet'!L68 -> 28193 | D96: per meter | F96: =ROUND(B96*C96,0) -> 0
A97: Medium Strength - 2" Meter | B97: ='Data Sheet'!B67 -> 0 | C97: ='FY26-27 FEE Worksheet'!L69 -> 45109 | D97: per meter | F97: =ROUND(B97*C97,0) -> 0
A98: Medium Strength - 3" Meter | B98: ='Data Sheet'!B71 -> 0 | C98: ='FY26-27 FEE Worksheet'!L70 -> 84580 | D98: per meter | F98: =ROUND(B98*C98,0) -> 0
A99: Medium Strength - 4" Meter | B99: ='Data Sheet'!B75 -> 0 | C99: ='FY26-27 FEE Worksheet'!L71 -> 140967 | D99: per meter | F99: =ROUND(B99*C99,0) -> 0
A100: Medium Strength - 6" Meter | B100: ='Data Sheet'!B79 -> 0 | C100: ='FY26-27 FEE Worksheet'!L72 -> 281934 | D100: per meter | F100: =ROUND(B100*C100,0) -> 0
A101: Medium Strength - 8" Meter | B101: ='Data Sheet'!B83 -> 0 | C101: ='FY26-27 FEE Worksheet'!L73 -> 451094 | D101: per meter | F101: =ROUND(B101*C101,0) -> 0
A103: High Strength - 1" Meter | B103: ='Data Sheet'!B60 -> 0 | C103: ='FY26-27 FEE Worksheet'!M67 -> 18106 | D103: per meter | F103: =ROUND(B103*C103,0) -> 0
A104: High Strength - 1½" Meter | B104: ='Data Sheet'!B64 -> 0 | C104: ='FY26-27 FEE Worksheet'!M68 -> 36212 | D104: per meter | F104: =ROUND(B104*C104,0) -> 0
...

Sheet Parks & Rec
A1: PARKS AND RECREATION
A2: DEVELOPMENT IMPACT FEE CALCULATIONS
A3: Project Name: | B3: ='Data Sheet'!B5 -> 0
A4: Site Address: | B4: ='Data Sheet'!B6 -> 0
A5: Assessor's Parcel Number(s): | B5: ='Data Sheet'!B7 -> 0
A6: File No.: | B6: ='Data Sheet'!B9 -> 0
A7: Verified by: | D7: Date:
A9: Description | B9: Quantity | C9: Unit Cost | D9: Unit | E9: Due with this permit
A10: Park Development | H10: Legacy GL | I10: New GL | J10: Charge Code
B11: ='Data Sheet'!B13 -> 0 | C11: ='FY26-27 FEE Worksheet'!K135 -> 13829 | D11: dwelling unit | E11: =ROUND(+B11*C11,0) -> 0 | H11: 220-74-00-0000-3655-388 | I11: 43-00-00-0000-8880 | J11: PRKIMP
A12: Residential Multiple Family | B12: ='Data Sheet'!B17 -> 0 | C12: ='FY26-27 FEE Worksheet'!K136 -> 11243 | D12: dwelling unit | E12: =ROUND(+B12*C12,0) -> 0
A13: Residential Mobile Home | B13: ='Data Sheet'!B21 -> 0 | C13: ='FY26-27 FEE Worksheet'!K137 -> 9839 | D13: dwelling unit | E13: =ROUND(+B13*C13,0) -> 0
A14: Recreation Development
A15: Residential Single Family | B15: =B11 -> 0 | C15: ='FY26-27 FEE Worksheet'!K164 -> 774 | D15: dwelling unit | E15: =ROUND(+B15*C15,0) -> 0 | H15: 221-76-00-0000-3655-000 | I15: 44-00-00-0000-8880 | J15: RCDVRS
A16: Residential Multiple Family | B16: ='Data Sheet'!B17 -> 0 | C16: ='FY26-27 FEE Worksheet'!K165 -> 618 | D16: dwelling unit | E16: =ROUND(+B16*C16,0) -> 0
A17: Residential Mobile Home | B17: ='Data Sheet'!B21 -> 0 | C17: ='FY26-27 FEE Worksheet'!K166 -> 541 | D17: dwelling unit | E17: =ROUND(+B17*C17,0) -> 0
A18: New Trails Development
A19: Residential Single Family | B19: ='Data Sheet'!B13 -> 0 | C19: ='FY26-27 FEE Worksheet'!K196 -> 255 | D19: dwelling unit | E19: =ROUND(+B19*C19,0) -> 0 | H19: 222-74-00-0000-3655-000 | I19: 45-00-00-0000-8880 | J19: NWTRDR
A20: Residential Multiple Family | B20: ='Data Sheet'!B17 -> 0 | C20: ='FY26-27 FEE Worksheet'!K197 -> 205 | D20: dwelling unit | E20: =ROUND(+B20*C20,0) -> 0
A21: Residential Mobile Home | B21: ='Data Sheet'!B21 -> 0 | C21: ='FY26-27 FEE Worksheet'!K198 -> 179 | D21: dwelling unit | E21: =ROUND(+B21*C21,0) -> 0
A22: Open Space Development
A23: Residential Single Family | B23: ='Data Sheet'!B13 -> 0 | C23: ='FY26-27 FEE Worksheet'!K180 -> 5 | D23: dwelling unit | E23: =ROUND(+B23*C23,0) -> 0 | H23: 223-74-00-0000-3655-000 | I23: 46-00-00-0000-8880 | J23: OPSPRS
A24: Residential Multiple Family | B24: ='Data Sheet'!B17 -> 0 | C24: ='FY26-27 FEE Worksheet'!K181 -> 4 | D24: dwelling unit | E24: =ROUND(+B24*C24,0) -> 0
A25: Residential Mobile Home | B25: ='Data Sheet'!B21 -> 0 | C25: ='FY26-27 FEE Worksheet'!K182 -> 2 | D25: dwelling unit | E25: =ROUND(+B25*C25,0) -> 0
A26: Public Facilities Development
A27: Residential Single Family | B27: ='Data Sheet'!B13 -> 0 | C27: ='FY26-27 FEE Worksheet'!K212 -> 1785 | D27: dwelling unit | E27: =ROUND(+B27*C27,0) -> 0 | H27: 190-40-00-0000-3655-600 | I27: 40-00-00-0000-8880 | J27: PUFCRS
A28: Residential Multiple Family | B28: ='Data Sheet'!B17 -> 0 | C28: ='FY26-27 FEE Worksheet'!K213 -> 1428 | D28: dwelling unit | E28: =ROUND(+B28*C28,0) -> 0
A29: Residential Mobile Home | B29: ='Data Sheet'!B21 -> 0 | C29: ='FY26-27 FEE Worksheet'!K214 -> 1250 | D29: dwelling unit | E29: =ROUND(+B29*C29,0) -> 0
A30: Commercial | B30: ='Data Sheet'!B24 -> 0 | C30: ='FY26-27 FEE Worksheet'!K218 -> 1189 | D30: per 1,000 SF | E30: =B30*(C30/1000) -> 0 | H30: 190-40-00-0000-3655-601 | I30: 40-00-00-0000-8880 | J30: PUFCNR
A31: Office | B31: ='Data Sheet'!B27 -> 0 | C31: ='FY26-27 FEE Worksheet'!K219 -> 1963 | D31: per 1,000 SF | E31: =B31*(C31/1000) -> 0
A32: Industrial | B32: ='Data Sheet'!B28+'Data Sheet'!B29 -> 0 | C32: ='FY26-27 FEE Worksheet'!K220 -> 833 | D32: per 1,000 SF | E32: =B32*(C32/1000) -> 0
A33: TOTAL PARKS AND RECREATION IMPACT FEES | E33: =SUM(E11:F13,E15:F17,E19:F21,E23:F25,E27:F32) -> 0
A34: Rates Effective July 1, 2026
A35: RESOLUTION HISTORY
A36: Park Development | B36: 2673-10 (eff 6/21/10) | C36: 3339-17 (eff 5/1/17)
A37: Recreation Development | B37: 2673-10 (eff 6/21/10) | C37: 3340-17 (eff 5/1/17)
A38: New Trails Development | B38: 3342-17 (eff 5/1/17)
A39: Open Space Development | B39: 3341-17 (eff 5/1/17)
A40: Public Facilities Development | B40: 2674-10 (eff 6/21/10) | C40: 3343-17 (eff 5/1/17)

Sheet Police
A1: POLICE
A2: DEVELOPMENT IMPACT FEE CALCULATIONS
A3: Project Name: | B3: ='Data Sheet'!B5 -> 0
A4: Site Address: | B4: ='Data Sheet'!B6 -> 0
A5: Assessor's Parcel Number(s): | B5: ='Data Sheet'!B7 -> 0
A6: File No.: | B6: ='Data Sheet'!B9 -> 0
A7: Verified By | D7: Date:
A9: Description | B9: Quantity | C9: Unit Cost | D9: Unit | E9: Due with this permit
A10: Single Family Dwelling | B10: ='Data Sheet'!B13 -> 0 | C10: ='FY26-27 FEE Worksheet'!K238 -> 130 | D10: dwelling unit | E10: =ROUND(+B10*C10,0) -> 0 | H10: 235-50-00-0000-3655-000 | I10: 48-00-00-0000-8880 | L10: POLMIT
A11: Multi-Family | B11: ='Data Sheet'!B17 -> 0 | C11: ='FY26-27 FEE Worksheet'!K239 -> 104 | D11: dwelling unit | E11: =ROUND(+B11*C11,0) -> 0
A12: Manufactured/Mobile Homes | B12: ='Data Sheet'!B21 -> 0 | C12: ='FY26-27 FEE Worksheet'!K240 -> 93 | D12: dwelling unit | E12: =ROUND(+B12*C12,0) -> 0
A13: Retail / Commercial | B13: ='Data Sheet'!B24 -> 0 | C13: ='FY26-27 FEE Worksheet'!K244 -> 31 | D13: per 1,000 SF | E13: =ROUND(+B13*C13,0)/1000 -> 0
A14: Office | B14: ='Data Sheet'!B27 -> 0 | C14: ='FY26-27 FEE Worksheet'!K245 -> 49 | D14: per 1,000 SF | E14: =B14*C14/1000 -> 0
A15: Industrial | B15: ='Data Sheet'!B28+'Data Sheet'!B29 -> 0 | C15: ='FY26-27 FEE Worksheet'!K246 -> 22 | D15: per 1,000 SF | E15: =B15*C15/1000 -> 0
A16: Rates Effective July 1, 2026 | B16: TOTAL POLICE IMPACT FEES | E16: =SUM(E10:F15) -> 0

Sheet Fire
A1: SONOMA COUNTY FIRE DISTRICT
A2: IMPACT FEE CALCULATIONS
A3: Project Name: | B3: ='Data Sheet'!B5 -> 0
A4: Site Address: | B4: ='Data Sheet'!B6 -> 0
A5: Assessor's Parcel Number(s): | B5: ='Data Sheet'!B7 -> 0
A6: File No.: | B6: ='Data Sheet'!B9 -> 0
A7: Mixed Use Project (Y/N) | B7: ='Data Sheet'!B91 -> 0
A8: Verified By: | D8: Date:
A10: Description | B10: Quantity | C10: Unit Cost | D10: Unit | E10: Due with this permit | I10: New GL | J10: Charge Code
A11: Residential Single Family (SF) | B11: ='Data Sheet'!B16 -> 0 | C11: ='FY26-27 FEE Worksheet'!K263 -> 1.9802828 | D11: living area SF | E11: =B11*C11 -> 0 | H11: 241-00-00-0000-3655-000 | I11: 49-00-00-0000-8880 | J11: FIRMIT
A12: Residential Multiple Family (SF) | B12: ='Data Sheet'!B18 -> 0 | C12: ='FY26-27 FEE Worksheet'!K264 -> 2.6061752 | D12: living area SF | E12: =B12*C12 -> 0
A13: Residential Mobile Home (SF) | B13: ='Data Sheet'!B22 -> 0 | C13: ='FY26-27 FEE Worksheet'!K265 -> 1.4467351 | D13: living area SF | E13: =B13*C13 -> 0
A14: Large Residential ADU (750 SF or greater) (1) | B14: ='Data Sheet'!B20 -> 0 | C14: =C11 -> 1.9802828 | D14: living area SF | E14: =B14*C14 -> 0
A15: Commercial (2) | B15: ='Data Sheet'!B24 -> 0 | C15: ='FY26-27 FEE Worksheet'!K270 -> 2.1957539 | D15: building area SF | E15: =B15*C15 -> 0
A16: Office (2) | B16: ='Data Sheet'!B27 -> 0 | C16: ='FY26-27 FEE Worksheet'!K271 -> 3.6117074 | D16: building area SF | E16: =B16*C16 -> 0
A17: Industrial (2) | B17: ='Data Sheet'!B28+'Data Sheet'!B29 -> 0 | C17: ='FY26-27 FEE Worksheet'!K272 -> 1.5390799 | D17: building area SF | E17: =B17*C17 -> 0
A18: Residential Total Fees | E18: =SUM(E11:F14) -> 0
A19: Non-Residential Total Fees | E19: =SUM(E15:F17) -> 0
A20: Mixed Use Credit (3) | E20: =IF((B7="N"),0,(-MIN(E18:E19)*0.15)) -> 0
A21: TOTAL SONOMA COUNTY FIRE DISTRICT IMPACT FEES | E21: =SUM(E18:F20) -> 0
A22: Rates Effective July 1, 2026
A23: RESOLUTION HISTORY
A24: Windsor Fire Protection District | B24: 2675-10 | C24: 3347-17
A25: Sonoma County Fire District | B25: 3696-21 (eff 11/1/21)
A27: Notes:
A28: (1) Pursuant to Govt Code 65852.2f.3.A, development impact fees for a new ADU must be imposed proportionately in relation to the SF of the primary dwelling unit. ADUs with less than 750 SF of living area are exempt.
A29: (2) A fee shall be charged and paid for each non-residential development involving any addition to any existing building or structure if the addition exceeds 1,000 square feet and if it increases the existing building or structure by twenty-five (25%) or more upon issuance of the building permit for such non-residential development. The non-rsidential fee shall be charged for "covered and enclosed space" within the perimeter of a non-residential structure. Garages, parking structgure, unenclosed walkways, utility or disposal areas, and storage areas incidental to the principal use of the development are excluded.
A30: (3) The amount of the fee for mixed-use development shall be the sum of the following, as applicable:
A31: i. The applicable amount per residential unit, as calculated above.
A32: ii. The applicable amount per 1,000 square feet of commercial space, as calculated above.
A33: iii. The total fee for the mixed-use development shall be decreased by 15% of the lower amount calculated in 3(i) and 3(ii), above.

Sheet WUSD
A1: WINDSOR UNIFIED SCHOOL DISTRICT
A2: IMPACT FEE CALCULATIONS
A3: Project Name: | B3: ='Data Sheet'!B5 -> 0
A4: Site Address: | B4: ='Data Sheet'!B6 -> 0
A5: Assessor's Parcel Number(s): | B5: ='Data Sheet'!B7 -> 0
A6: File No.: | B6: ='Data Sheet'!B9 -> 0
A7: Verified By: | D7: Date:
A9: Description | B9: Quantity | C9: Unit Cost | D9: Unit or SF | E9: Due with this permit
A10: Residential | B10: ='Data Sheet'!B16+'Data Sheet'!B18+'Data Sheet'!B22 -> 0 | C10: 5.17 | D10: square foot | E10: =B10*C10 -> 0
A11: Commercial | B11: ='Data Sheet'!B24+'Data Sheet'!B25+'Data Sheet'!B27+'Data Sheet'!B28+'Data Sheet'!B29+'Data Sheet'!B30 -> 0 | C11: 0.84 | D11: square foot | E11: =B11*C11 -> 0
A12: Mini Storage | B12: ='Data Sheet'!B26 -> 0 | C12: 0.04 | D12: square foot | E12: =B12*C12 -> 0
A13: TOTAL WINDSOR UNIFIED SCHOOL DISTRICT IMPACT FEES | E13: =SUM(E10:E12) -> 0
A14: Rates Effective July 1, 2026
A15: 1. Developer/Homeowner obtains Certificate of Compliance from Town of Windsor
A16: 2. Town of Windsor verifies square footage
A17: 3. Developer/Homeowner brings certificate and payment (see rates below) to WUSD's District office@ 9291 Old Redwood Hwy., #500, Windsor, CA
A18: 4. The District office will prepare a receipt and record receipt number on form. Payment, certificate copy, and cash receipt to be given to Business Office.

Sheet Housing
A1: TOWN OF WINDSOR
A2: HOUSING IN-LIEU FEES
A4: Building Permit No. | D4: ='[1]Data Sheet'!B8 -> 0
A5: Site Address: | D5: ='[1]Data Sheet'!B6 -> 0
A6: Project Name: | D6: ='[1]Data Sheet'!B5 -> 0
A7: APN: | D7: ='[1]Data Sheet'!B7 -> 0
A8: Subdivision: | D8: ='[1]Data Sheet'!B11 -> 0
A9: Lot No:
A10: If Tenant Improvement permit,
A11: the initial Bldg Permit was:
K12: Prepared By:
D13: Total due with this Building Permit: | E13: =M47 -> 0 | K13: Date:
A15: Unit Type by Size (SF) | B15: # Units | C15: SF/DU | D15: Fee/SF | E15: Flat Fee Per Unit | F15: Due with this permit | H15: Unit Type by Size (SF) | I15: # Units | J15: SF/DU | K15: Fee/SF | L15: Flat Fee Per Unit | M15: Due with this permit
A16: Up to 999 | C16: N/A | D16: N/A | E16: 2000 | F16: =B16*E16 -> 0 | H16: 2500 | K16: 5.96 | L16: N/A | M16: =I16*J16*K16 -> 0
A17: 1000 | D17: 4.87 | E17: N/A | F17: =B17*C17*D17 -> 0 | H17: 2550 | K17: 6.01 | L17: N/A | M17: =I17*J17*K17 -> 0
A18: 1050 | D18: 4.91 | E18: N/A | F18: =B18*C18*D18 -> 0 | H18: 2600 | K18: 6.03 | L18: N/A | M18: =I18*J18*K18 -> 0
A19: 1100 | D19: 4.94 | E19: N/A | F19: =B19*C19*D19 -> 0 | H19: 2650 | K19: 6.08 | L19: N/A | M19: =I19*J19*K19 -> 0
A20: 1150 | D20: 4.99 | E20: N/A | F20: =B20*C20*D20 -> 0 | H20: 2700 | K20: 6.11 | L20: N/A | M20: =I20*J20*K20 -> 0
A21: 1200 | D21: 5.01 | E21: N/A | F21: =B21*C21*D21 -> 0 | H21: 2750 | K21: 6.16 | L21: N/A | M21: =I21*J21*K21 -> 0
A22: 1250 | D22: 5.06 | E22: N/A | F22: =B22*C22*D22 -> 0 | H22: 2800 | K22: 6.18 | L22: N/A | M22: =I22*J22*K22 -> 0
A23: 1300 | D23: 5.09 | E23: N/A | F23: =B23*C23*D23 -> 0 | H23: 2850 | K23: 6.23 | L23: N/A | M23: =I23*J23*K23 -> 0
A24: 1350 | D24: 5.13 | E24: N/A | F24: =B24*C24*D24 -> 0 | H24: 2900 | K24: 6.25 | L24: N/A | M24: =I24*J24*K24 -> 0
A25: 1400 | D25: 5.16 | E25: N/A | F25: =B25*C25*D25 -> 0 | H25: 2950 | K25: 6.3 | L25: N/A | M25: =I25*J25*K25 -> 0
A26: 1450 | D26: 5.21 | E26: N/A | F26: =B26*C26*D26 -> 0 | H26: 3000 | K26: 6.33 | L26: N/A | M26: =I26*J26*K26 -> 0
A27: 1500 | D27: 5.23 | E27: N/A | F27: =B27*C27*D27 -> 0 | H27: 3050 | K27: 6.37 | L27: N/A | M27: =I27*J27*K27 -> 0
A28: 1550 | D28: 5.28 | E28: N/A | F28: =B28*C28*D28 -> 0 | H28: 3100 | K28: 6.4 | L28: N/A | M28: =I28*J28*K28 -> 0
... A46: 2450 | D46: 5.94 | E46: N/A | F46: =B46*C46*D46 -> 0 | H46: 4000 | K46: 7.06 | L46: N/A | M46: =I46*J46*K46 -> 0
H47: Total Housing In-Lieu Fees | M47: =SUM(M16:M46)+SUM(F16:F46) -> 0

Sheet tree
A1: TOWN OF WINDSOR
A2: TREE MITIGATION IN-LIEU FEES
A3: Project Name: | C3: ='[1]Data Sheet'!B5 -> 0
A4: Site Address: | C4: ='[1]Data Sheet'!B6 -> 0
A5: Assessor's Parcel Number(s): | C5: ='[1]Data Sheet'!B7 -> 0
A6: File No.: | C6: ='[1]Data Sheet'!B9 -> 0
A7: Verified by: | D7: Date:
A8: Tree # | B8: Diameter (In) | C8: % Mitigated | D8: Notes | E8: Mitigation Fees
E9: 0
E10: 0
E11: 0
E12: 0
E13: 0
E14: 0
E15: 0
E16: 0
E17: 0
E18: 0
E19: 0
E20: 0
... E25: 0
E26: 0 | G26: Legacy | H26: New GL | I26: Charge Code
E27: 0 | G27: 195-00-00-0000-3655-601 | H27: 41-00-00-0000-8880- | I27: TREMNR
E28: 0 | G28: Security Deposit | H28: 41-00-00-0000-9530- | I28: CDTRDP
C29: 1 | F29: Cells 59 - 108 Hidden. Option to unhide to add additional trees
C30: 1
C31: 1
C32: 1
C33: 1
C34: 1
C35: 1
C36: 1
C37: 1
C38: 1
C39: 1
C40: 1
C41: 1
... C79: 1
E80: =SUM(E9:E79) -> 0 | F80: Total costs are hardcoded to the summary page, no need to update formula
A82: In-Lieu Replacement Fees
A83: 2" tree | B83: 400
A84: 3" tree | B84: 800
A85: 4" tree | B85: 1600
A87: Subject to change pending confirmation of on-site tree replacement mitigation.

Sheet FY26-27 FEE Worksheet
A1: Development Impact Fee Adjustment Effective July 1, 2026
O2: Administrative Fee
A3: Fee Adjustment Calculation | P3: 1.0077
B4: Fee Adjustment Per Resolution - Section 12 *
A5: Component | B5: Beginning Factor | C5: Ending Factor | D5: Difference | E5: % Increase | F5: Notes | P5: 0.038 | Q5: <-- CPI - All Urban Consumers for San Francisco - Oakland - San Jose by US Dept of Labor for April
A6: Construction costs - ENR (Apr to Apr) | B6: 13798.28 | C6: 14157.77 | D6: =+C6-B6 -> 359.49 | E6: =+D6/B6 -> 0.026053247 | F6: Applies to Traffic Mit, Public Facil, Fire Facil & Park Development Impact Fees
A7: Construction costs - ENR (Jun to Jun) | B7: 13871 | C7: 14257.36 | D7: =+C7-B7 -> 386.36 | E7: =+D7/B7 -> 0.027853796 | F7: Applies to Water Capacity Fee & Water Reclamation Capacity Fees, Drainage
A8: Land acquisition costs | B8: 0 | C8: 0 | D8: =+C8-B8 -> 0 | E8: 0 | F8: No longer applies to Drainage | N8: NOTES:
A9: Land acquisition costs - ENR (Apr) | B9: =B6 -> 13798.28 | C9: =C6 -> 14157.77 | D9: =+C9-B9 -> 359.49 | E9: =+D9/B9 -> 0.026053247 | F9: Applies to Public Facilities & Park Development Impact Fees | N9: Only change the cells that are in RED
A10: Facilities costs | B10: 359.4 | C10: =B10*(1+P5) -> 373.0572 | D10: =+C10-B10 -> 13.6572 | E10: =+D10/B10 -> 0.038 | F10: Applies to Facilities Component of Impact Fees | N10: Cells in grey are formula based. Do not touch
N11: Take C6 number and enter into B6 which will start the beginning factor from prior year info. The NEW C6 will be from ENR
A12: * The fee adjustment for: (1) construction costs is based on ENR construction cost indices; (2) land acquisition costs is based on 5/05 and 5/06 estimates | N12: Repeat for C7 & C10
A13: or ENR for fees adopted in 2010; (3) facilities costs is based on prior year x All Urban Consumers CPI inflation adjustment. | N13: ENR website for construction costs https://www.enr.com/economics/historical_indices/construction_cost_index_history
A14: Note: The tables below of construction, land acquisition and facilities costs are from the development impact fee consultant reports.
H15: Old GL | I15: New GL | J15: Charge Code
A17: Water Capacity Fees
B18: Table 1 | C18: % of Total
A19: Construction costs | B19: 14907600 | C19: =+B19/B22 -> 1
A20: Land acquisition costs | B20: 0 | C20: =+B20/B22 -> 0 | N20: NOTES:
A21: Facilities costs | B21: 0 | C21: =+B21/B22 -> 0 | N21: Update cells B27-B43 with prior Effective rates located in cells K27-K44
A22: Total | B22: =SUM(B19:B21) -> 14907600 | C22: =SUM(C19:C21) -> 1 | N22: Cells K27-K44 will automatically populate by the formuas above
A23: Resolution 1566-03 effective 12/3/03; Resolution 2764-11 effective 3/20/11; Resolution 1864-17 effective 4/16/17 | N23: Effective date will be updated by cell K133
D24: Apportionment | H24: With % Increase (per fee adjmt above) | K24: =$K$133 -> Effective 7/1/26 | N24: REPEAT steps below for the remaining Fees
B25: Prior Fee | D25: Const. | E25: Land Acq. | F25: Facil. | H25: Const. | I25: Land Acq. | J25: Facil.
A26: Standard Single Family
A27: Small Single Residence (2) | B27: 3341 | C27: /residence | D27: =B27 -> 3341 | E27: 0 | F27: 0 | H27: =D27*(1+$E$7) -> 3434.0595 | I27: =+E27*(1+$E$9) -> 0 | J27: =F27*(1+$E$10) -> 0 | K27: =ROUND(SUM(H27:J27),0) -> 3434 | L27: /residence
A28: Single Family Residential (1) | B28: 4888 | C28: /residence | D28: =B28 -> 4888 | E28: 0 | F28: 0 | H28: =D28*(1+$E$7) -> 5024.1494 | I28: =+E28*(1+$E$9) -> 0 | J28: =F28*(1+$E$10) -> 0 | K28: =ROUND(SUM(H28:J28),0) -> 5024 | L28: /residence
A29: Accessory Dwelling Unit(ADU) (3) | B29: 0 | C29: /residence | D29: =B29 -> 0 | E29: 0 | F29: 0 | H29: =D29*(1+$E$7) -> 0 | I29: 0 | J29: 0 | K29: =ROUND(SUM(H29:J29),0) -> 0 | L29: /residence
A30: Multi-Family Residential (4) | K30: =ROUND(SUM(H30:J30),0) -> 0
A31: Per Dweling Unit | B31: 2493 | C31: /residence | D31: =B31 -> 2493 | E31: 0 | F31: 0 | H31: =D31*(1+$E$7) -> 2562.4395 | I31: 0 | J31: 0 | K31: =ROUND(SUM(H31:J31),0) -> 2562 | L31: /residence
A32: Non-Residential: | K32: =ROUND(SUM(H32:J32),0) -> 0
A33: 1 inch | B33: 8147 | C33: /meter | D33: =B33 -> 8147 | E33: 0 | F33: 0 | H33: =D33*(1+$E$7) -> 8373.9249 | I33: =+E33*(1+$E$9) -> 0 | J33: =F33*(1+$E$10) -> 0 | K33: =ROUND(SUM(H33:J33),0) -> 8374 | L33: /meter
A34: 1-1/2 inch | B34: 16293 | C34: /meter | D34: =B34 -> 16293 | E34: 0 | F34: 0 | H34: =D34*(1+$E$7) -> 16746.822 | I34: =+E34*(1+$E$9) -> 0 | J34: =F34*(1+$E$10) -> 0 | K34: =ROUND(SUM(H34:J34),0) -> 16747 | L34: /meter
A35: 2 inch | B35: 26070 | C35: /meter | D35: =B35 -> 26070 | E35: 0 | F35: 0 | H35: =D35*(1+$E$7) -> 26796.148 | I35: =+E35*(1+$E$9) -> 0 | J35: =F35*(1+$E$10) -> 0 | K35: 26796 | L35: /meter
A36: 3 inch | B36: 48880 | C36: /meter | D36: =B36 -> 48880 | E36: 0 | F36: 0 | H36: =D36*(1+$E$7) -> 50241.494 | I36: =+E36*(1+$E$9) -> 0 | J36: =F36*(1+$E$10) -> 0 | K36: 50243 | L36: /meter
A37: 4 inch | B37: 81467 | C37: /meter | D37: =B37 -> 81467 | E37: 0 | F37: 0 | H37: =D37*(1+$E$7) -> 83736.165 | I37: =+E37*(1+$E$9) -> 0 | J37: =F37*(1+$E$10) -> 0 | K37: 83740 | L37: /meter
A38: 6 inch | B38: 162935 | C38: /meter | D38: =B38 -> 162935 | E38: 0 | F38: 0 | H38: =D38*(1+$E$7) -> 167473.36 | I38: =+E38*(1+$E$9) -> 0 | J38: =F38*(1+$E$10) -> 0 | K38: 167481 | L38: /meter
A39: 8 inch | B39: 260695 | C39: /meter | D39: =B39 -> 260695 | E39: 0 | F39: 0 | H39: =D39*(1+$E$7) -> 267956.35 | I39: =+E39*(1+$E$9) -> 0 | J39: =F39*(1+$E$10) -> 0 | K39: 267968 | L39: /meter
A40: Dedicated Irrigation | K40: =ROUND(SUM(H40:J40),0) -> 0
A41: 1 inch | B41: 8147 | C41: /meter | D41: =B41 -> 8147 | E41: 0 | F41: 0 | H41: =D41*(1+$E$7) -> 8373.9249 | I41: =+E41*(1+$E$9) -> 0 | J41: =F41*(1+$E$10) -> 0 | K41: =ROUND(SUM(H41:J41),0) -> 8374 | L41: /meter
A42: 1-1/2 Inch | B42: 16293 | C42: /meter | D42: =B42 -> 16293 | E42: 0 | F42: 0 | H42: =D42*(1+$E$7) -> 16746.822 | I42: =+E42*(1+$E$9) -> 0 | J42: =F42*(1+$E$10) -> 0 | K42: =ROUND(SUM(H42:J42),0) -> 16747 | L42: /meter
A43: 2 inch | B43: 26070 | C43: /meter | D43: =B43 -> 26070 | E43: 0 | F43: 0 | H43: =D43*(1+$E$7) -> 26796.148 | I43: =+E43*(1+$E$9) -> 0 | J43: =F43*(1+$E$10) -> 0 | K43: =ROUND(SUM(H43:J43),0) -> 26796 | L43: /meter
A45: (1) Each of the water meters in this category is sized up to and including 1" meter. If special situation requires the use of a larger meter, additional fees will be due and payable,
A46: as determined by the Director of Public Works.
A47: (2) Small single family residence has been defined as loys up to 4,000 sq. ft. and building size up to 1,200 sq. ft.
A48: (3) ADUs shall not have separate water service connections and are not subject to a water capacity fee. Additional costs may be incurred if a proposed development
A49: requires changes to a service size or location to meet excisting standards.
A50: (4) Includes duplex, triplex, fourplex, townhome, apartment, condominium and live/work units and manufactured (including mobile) homes without a permanent foundation.
A54: Water Reclamation Capacity Fees | B54: Resolution 3045-13 effective 1/18/14; Resolution 3087-14 effective 5/12/2014; Resolution 1865-17 effective 4/16/17
D55: Apportionment | H55: With % Increase (per fee adjmt above)
B56: Prior Fee | D56: Const. | E56: Land Acq. | F56: Facil. | H56: Const. | I56: Land Acq. | J56: Facil. | K56: =K24 -> Effective 7/1/26
A57: Single Family Residential:
A58: Small Single Family Residence (1) | B58: 10077 | C58: per residence | D58: =B58 -> 10077 | E58: 0 | F58: 0 | H58: =D58*(1+$E$7) -> 10357.683 | I58: =+E58*(1+$E$9) -> 0 | J58: 0 | K58: =ROUND(SUM(H58:J58),0) -> 10358 | L58: per residence
A59: Standard Single Family Residential (SFR) | B59: 11854 | C59: per SFR | D59: =B59 -> 11854 | E59: 0 | F59: 0 | H59: =D59*(1+$E$7) -> 12184.179 | I59: =+E59*(1+$E$9) -> 0 | J59: 0 | K59: =ROUND(SUM(H59:J59),0) -> 12184 | L59: per SFR
A60: Accessory Dwelling Unit (ADU) (2) | B60: 0 | D60: =B60 -> 0 | E60: 0 | F60: 0 | H60: =D60*(1+$E$7) -> 0 | I60: =+E60*(1+$E$9) -> 0 | J60: 0 | K60: =ROUND(SUM(H60:J60),0) -> 0
A61: Multi-family Residential (3): | K61: =ROUND(SUM(H61:J61),0) -> 0
A62: Per Dwelling Unit | B62: 9248 | C62: per DU | D62: =B62 -> 9248 | E62: 0 | F62: 0 | H62: =D62*(1+$E$7) -> 9505.5919 | I62: =+E62*(1+$E$9) -> 0 | J62: 0 | K62: =ROUND(SUM(H62:J62),0) -> 9506 | L62: per DU
A63: Non-standard Development Projects (5) | B63: 11854 | C63: per ESD | D63: =B63 -> 11854 | E63: 0 | F63: 0 | H63: =D63*(1+$E$7) -> 12184.179 | I63: 0 | J63: 0 | K63: =ROUND(SUM(H63:J63),0) -> 12184 | L63: per ESD
K65: =K56 -> Effective 7/1/26
A66: Nonresidential (4): | B66: Low | C66: Medium | D66: High | K66: Low | L66: Medium | M66: High
A67: 1 inch | B67: 11854 | C67: 13714 | D67: 17615 | K67: =ROUND(B67*(1+$E$7),0) -> 12184 | L67: =ROUND(C67*(1+$E$7),0) -> 14096 | M67: =ROUND(D67*(1+$E$7),0) -> 18106
A68: 1-1/2 inch | B68: 23709 | C68: 27428 | D68: 35231 | K68: 24370 | L68: 28193 | M68: =ROUND(D68*(1+$E$7),0) -> 36212
A69: 2 inch | B69: 37934 | C69: 43885 | D69: 56369 | K69: =ROUND(B69*(1+$E$7),0) -> 38991 | L69: 45109 | M69: 57942
A70: 3 inch | B70: 71127 | C70: 82284 | D70: 105692 | K70: 73111 | L70: 84580 | M70: 108640
A71: 4 inch | B71: 118546 | C71: 137141 | D71: 176156 | K71: 121853 | L71: 140967 | M71: 181071
A72: 6 inch | B72: 237091 | C72: 274282 | D72: 352310 | K72: 243705 | L72: 281934 | M72: 362139
A73: 8 inch | B73: 379346 | C73: 438850 | D73: 563694 | K73: 389930 | L73: 451094 | M73: 579421
A75: (1) Small single family residence has been defined as lots up to 4,000 sq. ft. and building size up to 1,200 sq. ft.
A76: (2) ADUs shall not have separate water service connections and are not subject to a water capacity fee. Additional costs may be incurred if a proposed development
A77: requires changes to a service size or location to meet excisting standards.
A78: (3) Includes duplex, triplex, fourplex, townhome, apartment, condominium and live/work units and manufactured (including mobile) homes without a permanent foundation.
A79: (4) Wastewater strength categories (low, medium and high) are used for both capacity fee and monthly wastewater billing puposes, and is based on historic practices within
A80: the Town and published data.
A81: (5) For new connections with non-standard waste characteristics, the waste water capacity fee shall be determined based on the number of equivalent single-family
A82: dwellings (ESD's) as follows:
B83: WWCF=$10519 x Flow / 200 x [0.83 + (0.12 x BOD / 200) + (0.05 x TSS / 175)]
B84: Where:
C85: WWCF= Calculated wastewater capacity fee
C86: Flow= Wastewater flow in gallons per day
C87: BOD= Biochemical oxygen demand of discharge in mg/l
C88: TSS= Total suspended solids of discharge in mg/l
B89: Non standard may include, but is not limited to, food processing, beverage manufacturing, wine production and breweries
A90: (6) Small Wineries from prior FY have been removed
A93: Traffic Impact Fees
B94: Page 26 | C94: % of Total
A95: Construction costs | B95: 64643000 | C95: =+B95/B98 -> 1
A96: Land acquisition costs | B96: 0 | C96: =+B96/B98 -> 0
A97: Facilities costs | B97: 0 | C97: =+B97/B98 -> 0
A98: Total | B98: =SUM(B95:B97) -> 64643000 | C98: =SUM(C95:C97) -> 1
A100: Resolution 3590-20 | D100: Apportionment (per % above) | H100: With % Increase (per fee adjmt above)
B101: Prior Fee | D101: Const. | E101: Land Acq. | F101: Facil. | H101: Const. | I101: Land Acq. | J101: Facil. | K101: =$K$133 -> Effective 7/1/26
A102: Residential -
A103: Single Family | B103: 13446 | C103: /unit | D103: =ROUND(+$C$95*B103,0) -> 13446 | E103: =ROUND($C$96*B103,0) -> 0 | F103: =+B103-D103-E103 -> 0 | H103: =D103*(1+$E$6) -> 13796.312 | I103: =+E103*(1+$E$8) -> 0 | J103: =F103*(1+$E$10) -> 0 | K103: =ROUND(SUM(H103:J103),0) -> 13796 | L103: /unit
A104: Multi-family | B104: 7606 | C104: /unit | D104: =ROUND(+$C$95*B104,0) -> 7606 | E104: =ROUND($C$96*B104,0) -> 0 | F104: =+B104-D104-E104 -> 0 | H104: =D104*(1+$E$6) -> 7804.161 | I104: =+E104*(1+$E$8) -> 0 | J104: =F104*(1+$E$10) -> 0 | K104: =ROUND(SUM(H104:J104),0) -> 7804 | L104: /unit
A105: Additional Dwelling Unit (ADU)/Unit | B105: 0 | C105: /unit | D105: =ROUND(+$C$95*B105,0) -> 0 | E105: =ROUND($C$96*B105,0) -> 0 | F105: =+B105-D105-E105 -> 0 | H105: =D105*(1+$E$6) -> 0 | I105: =+E105*(1+$E$8) -> 0 | J105: =F105*(1+$E$10) -> 0 | K105: =ROUND(SUM(H105:J105),0) -> 0 | L105: /unit
A106: Commercial | B106: 11410 | C106: /1000 sq ft | D106: =ROUND(+$C$95*B106,0) -> 11410 | E106: =ROUND($C$96*B106,0) -> 0 | F106: =+B106-D106-E106 -> 0 | H106: =D106*(1+$E$6) -> 11707.268 | I106: =+E106*(1+$E$8) -> 0 | J106: =F106*(1+$E$10) -> 0 | K106: =ROUND(SUM(H106:J106),0) -> 11707 | L106: /1000 sq ft
A107: Commercial with Drive-Through | B107: 13719 | C107: /1000 sq ft | D107: =ROUND(+$C$95*B107,0) -> 13719 | E107: =ROUND($C$96*B107,0) -> 0 | F107: =+B107-D107-E107 -> 0 | H107: =D107*(1+$E$6) -> 14076.424 | I107: =+E107*(1+$E$8) -> 0 | J107: =F107*(1+$E$10) -> 0 | K107: =ROUND(SUM(H107:J107),0) -> 14076 | L107: /1000 sq ft
A108: Office | B108: 8694 | C108: /1000 sq ft | D108: =ROUND(+$C$95*B108,0) -> 8694 | E108: =ROUND($C$96*B108,0) -> 0 | F108: =+B108-D108-E108 -> 0 | H108: =D108*(1+$E$6) -> 8920.5069 | I108: =+E108*(1+$E$8) -> 0 | J108: =F108*(1+$E$10) -> 0 | K108: =ROUND(SUM(H108:J108),0) -> 8921 | L108: /1000 sq ft
A109: Light Industrial | B109: 5704 | C109: /1000 sq ft | D109: =ROUND(+$C$95*B109,0) -> 5704 | E109: =ROUND($C$96*B109,0) -> 0 | F109: =+B109-D109-E109 -> 0 | H109: =D109*(1+$E$6) -> 5852.6077 | I109: =+E109*(1+$E$8) -> 0 | J109: =F109*(1+$E$10) -> 0 | K109: =ROUND(SUM(H109:J109),0) -> 5853 | L109: /1000 sq ft
A110: Heavy Industrial | B110: 1630 | C110: /1000 sq ft | D110: =ROUND(+$C$95*B110,0) -> 1630 | E110: =ROUND($C$96*B110,0) -> 0 | F110: =+B110-D110-E110 -> 0 | H110: =D110*(1+$E$6) -> 1672.4668 | I110: =+E110*(1+$E$8) -> 0 | J110: =F110*(1+$E$10) -> 0 | K110: =ROUND(SUM(H110:J110),0) -> 1672 | L110: /1000 sq ft
...
